CBL
CHINA GROVE SAMURAI @ MEMPHIS BLUES
09/10/2052
 
TOP OF THE 1ST
China Grove Samurai batting - Pitching for Memphis Blues : RHP Edgar Gómez
Pitching: RHP Edgar Gómez
Batting: LHB Frank Poncherello 0-0: Called Strike
0-1: Foul Ball, location: 3FF
0-2: Ground out 3-1 (Groundball, 34, EV 92.5 MPH)
Batting: LHB Alan Micchelli 0-0: Called Strike
0-1: Ball
1-1: Foul Ball, location: 7LMF
1-2: Foul Ball, location: 25FF
1-2: Foul Ball, location: 7LMF
1-2: Ball
2-2: Fly out, F8 (Flyball, 8LXD, EV 89.4 MPH)
Batting: LHB Kisuke Kaneko 0-0: Called Strike
0-1: Ground out 1-3 (Groundball, 13, EV 66.9 MPH)
Top of the 1st over - 0 runs, 0 hits, 0 errors, 0 left on base; China Grove 0 - Memphis 0
BOTTOM OF THE 1ST
Memphis Blues batting - Pitching for China Grove Samurai : RHP Tomás Domínguez
Pitching: RHP Tomás Domínguez
Batting: SHB Dominic Sackett Jr. 0-0: Ground out 4-3 (Groundball, 4, EV 86.3 MPH)
Batting: RHB Héctor Castro 0-0: Ball
1-0: Ball
2-0: SINGLE (Groundball, 56S, EV 73.1 MPH) (infield hit)
Batting: LHB Dan Gaccione 0-0: Ball
1-0: DOUBLE (Line Drive, 89XD, EV 108.8 MPH)
Héctor Castro to third
Batting: LHB Héctor García 0-0: Ball
1-0: Called Strike
1-1: Fly out, F7 (Flyball, 78S, EV 97.5 MPH)
Batting: SHB Jesús Escobedo 0-0: Ball
Wild Pitch!
Héctor Castro scores
Dan Gaccione to third
1-0: Foul Ball, location: 2F
1-1: Ball
2-1: Foul Ball, location: 2F
2-2: Fly out, F7 (Flyball, 7LM, EV 98.8 MPH)
Bottom of the 1st over - 1 run, 2 hits, 0 errors, 1 left on base; China Grove 0 - Memphis 1
TOP OF THE 2ND
China Grove Samurai batting - Pitching for Memphis Blues : RHP Edgar Gómez
Batting: RHB Jeff Kruty 0-0: Called Strike
0-1: Ball
1-1: Ball
2-1: Foul Ball, location: 5F
2-2: Ball
3-2: Base on Balls
Batting: LHB Wes Morrison 0-0: Ball
1-0: Fly out, F9 (Flyball, 9, EV 90.6 MPH)
Batting: SHB Aurelio Cruz 0-0: Ball
1-0: Ball
2-0: Ball
3-0: Foul Ball, location: 3DF
3-1: Base on Balls
Jeff Kruty to second
Batting: RHB Rob Caryl 0-0: Ball
1-0: Ball
2-0: Ball
3-0: Base on Balls
Jeff Kruty to third
Aurelio Cruz to second
Batting: RHB Chris Tollett 0-0: Foul Ball, location: 9LMF
0-1: SINGLE (Line Drive, 89M, EV 101.9 MPH)
Jeff Kruty scores
Aurelio Cruz to third
Rob Caryl to second
Batting: RHB Chip Kesecker 0-0: Fielders Choice at 2nd, 3-6 (Groundball, 3, EV 82.5 MPH)
Aurelio Cruz scores
Rob Caryl to third
Batting: LHB Frank Poncherello 0-0: Fly out, F8 (Flyball, 8RD, EV 96.9 MPH)
Top of the 2nd over - 2 runs, 1 hit, 0 errors, 2 left on base; China Grove 2 - Memphis 1
BOTTOM OF THE 2ND
Memphis Blues batting - Pitching for China Grove Samurai : RHP Tomás Domínguez
Batting: RHB Joe Veno 0-0: Ball
1-0: Ball
2-0: Ground out 6-3 (Groundball, 6, EV 92.5 MPH)
Batting: RHB Iván Ruíz 0-0: Ball
1-0: Ball
2-0: Ground out 6-3 (Groundball, 6, EV 80.6 MPH)
Batting: RHB José Ulibarri 0-0: Swinging Strike
0-1: Swinging Strike
0-2: Strikes out looking
Bottom of the 2nd over - 0 runs, 0 hits, 0 errors, 0 left on base; China Grove 2 - Memphis 1
TOP OF THE 3RD
China Grove Samurai batting - Pitching for Memphis Blues : RHP Edgar Gómez
Batting: LHB Alan Micchelli 0-0: Called Strike
0-1: Ball
1-1: Fly out, F9 (Flyball, 89S, EV 88.8 MPH)
Batting: LHB Kisuke Kaneko 0-0: Ground out 3-1 (Groundball, 34S, EV 78.1 MPH)
Batting: RHB Jeff Kruty 0-0: Ball
1-0: Called Strike
1-1: Ground out 6-3 (Groundball, 6, EV 86.9 MPH)
Top of the 3rd over - 0 runs, 0 hits, 0 errors, 0 left on base; China Grove 2 - Memphis 1
BOTTOM OF THE 3RD
Memphis Blues batting - Pitching for China Grove Samurai : RHP Tomás Domínguez
Batting: RHB Al Kerber 0-0: Ball
1-0: SINGLE (Groundball, 4MD, EV 103.8 MPH)
Batting: SHB Dominic Sackett Jr. 0-0: Bunt missed!
0-1: Ball
1-1: Swinging Strike
1-2: Strikes out swinging
Batting: RHB Héctor Castro 0-0: Grounds into double play, 6-4-3 (Groundball, 6, EV 86.3 MPH)
Bottom of the 3rd over - 0 runs, 1 hit, 0 errors, 0 left on base; China Grove 2 - Memphis 1
TOP OF THE 4TH
China Grove Samurai batting - Pitching for Memphis Blues : RHP Edgar Gómez
Batting: LHB Wes Morrison 0-0: Ball
1-0: Foul Ball, location: 25F
1-1: Ground out 4-3 (Groundball, 4, EV 105.6 MPH)
Batting: SHB Aurelio Cruz 0-0: Called Strike
0-1: Called Strike
0-2: Fly out, F7 (Flyball, 7LD, EV 95.0 MPH)
Batting: RHB Rob Caryl 0-0: Called Strike
0-1: Swinging Strike
0-2: Strikes out swinging
Top of the 4th over - 0 runs, 0 hits, 0 errors, 0 left on base; China Grove 2 - Memphis 1
BOTTOM OF THE 4TH
Memphis Blues batting - Pitching for China Grove Samurai : RHP Tomás Domínguez
Batting: LHB Dan Gaccione 0-0: Ground out 6-3 (Groundball, 6, EV 105.6 MPH)
Batting: LHB Héctor García 0-0: Foul Ball, location: 2F
0-1: Ball
1-1: Foul Ball, location: 7LDF
1-2: SINGLE (Line Drive, 4D, EV 110.6 MPH)
Batting: SHB Jesús Escobedo 0-0: Called Strike
0-1: Foul Ball, location: 2F
0-2: Ball
1-2: Strikes out looking
Batting: RHB Joe Veno 0-0: Called Strike
0-1: Ball
1-1: Foul Ball, location: 3F
1-2: Foul Ball, location: 25FF
1-2: Foul Ball, location: 5FF
1-2: Foul Ball, location: 2F
1-2: 2-RUN HOME RUN (Flyball, 78XD, EV 99.4 MPH), Distance : 402 ft
Batting: RHB Iván Ruíz 0-0: Called Strike
0-1: Ball
1-1: Fly out, F4 (Popup, 4M, EV 63.1 MPH)
Bottom of the 4th over - 2 runs, 2 hits, 0 errors, 0 left on base; China Grove 2 - Memphis 3
TOP OF THE 5TH
China Grove Samurai batting - Pitching for Memphis Blues : RHP Edgar Gómez
Batting: RHB Chris Tollett 0-0: Foul Ball, location: 3F
0-1: Foul Ball, location: 2F
0-2: Foul Ball, location: 2F
0-2: Ball
1-2: Ground out 4-3 (Groundball, 4, EV 79.4 MPH)
Batting: RHB Chip Kesecker 0-0: Ball
1-0: Ball
2-0: Ball
3-0: Called Strike
3-1: Base on Balls
Batting: LHB Frank Poncherello 0-0: Foul Ball, location: 23F
0-1: Called Strike
0-2: Foul Ball, location: 7LMF
0-2: Ball
1-2: Strikes out looking
Batting: LHB Alan Micchelli 0-0: Called Strike
0-1: Fielders Choice at 2nd, 6-4 (Groundball, 6, EV 105.6 MPH)
Top of the 5th over - 0 runs, 0 hits, 0 errors, 1 left on base; China Grove 2 - Memphis 3
BOTTOM OF THE 5TH
Memphis Blues batting - Pitching for China Grove Samurai : RHP Tomás Domínguez
Batting: RHB José Ulibarri 0-0: Foul Ball, location: 23FF
0-1: Swinging Strike
0-2: Ground out 4-3 (Groundball, 4, EV 86.3 MPH)
Batting: RHB Al Kerber 0-0: Ball
1-0: Swinging Strike
1-1: Ball
2-1: Foul Ball, location: 9LSF
2-2: Foul Ball, location: 3F
2-2: Ball
3-2: Fly out, F5 (Popup, 5SF, EV 78.8 MPH)
Batting: SHB Dominic Sackett Jr. 0-0: Called Strike
0-1: SINGLE (Groundball, 56D, EV 95.0 MPH)
Batting: RHB Héctor Castro 0-0: Fly out, F4 (Popup, 4M, EV 60.0 MPH)
Bottom of the 5th over - 0 runs, 1 hit, 0 errors, 1 left on base; China Grove 2 - Memphis 3
TOP OF THE 6TH
China Grove Samurai batting - Pitching for Memphis Blues : RHP Edgar Gómez
Batting: LHB Kisuke Kaneko 0-0: Ball
1-0: Ball
2-0: Ball
3-0: Called Strike
3-1: Foul Ball, location: 5SF
3-2: Base on Balls
Batting: RHB Jeff Kruty 0-0: Fly out, F3 (Popup, 3, EV 58.1 MPH)
Batting: LHB Wes Morrison 0-0: Ball
1-0: Ball
2-0: Swinging Strike
2-1: Called Strike
2-2: Foul Ball, location: 2F
2-2: 2-RUN HOME RUN (Flyball, 8RXD, EV 106.9 MPH), Distance : 423 ft
Batting: SHB Aurelio Cruz 0-0: Called Strike
0-1: Foul Ball, location: 5FF
0-2: Ball
1-2: Strikes out swinging
Batting: RHB Rob Caryl 0-0: Ball
1-0: Fly out, F8 (Flyball, 8RD, EV 80.0 MPH)
Top of the 6th over - 2 runs, 1 hit, 0 errors, 0 left on base; China Grove 4 - Memphis 3
BOTTOM OF THE 6TH
Memphis Blues batting - Pitching for China Grove Samurai : RHP Tomás Domínguez
Batting: LHB Dan Gaccione 0-0: Ball
1-0: SINGLE (Line Drive, 6D, EV 107.5 MPH)
Batting: LHB Héctor García 0-0: Called Strike
0-1: Ball
1-1: Ball
Dan Gaccione is caught stealing 2nd base 2-6
2-1: Fly out, F8 (Flyball, 8RM, EV 81.9 MPH)
Batting: SHB Jesús Escobedo 0-0: Ball
1-0: Called Strike
1-1: Swinging Strike
1-2: Strikes out swinging
Bottom of the 6th over - 0 runs, 1 hit, 0 errors, 0 left on base; China Grove 4 - Memphis 3
TOP OF THE 7TH
China Grove Samurai batting - Pitching for Memphis Blues : RHP Edgar Gómez
Pitching: RHP Munehiro Amaki
Batting: RHB Chris Tollett 0-0: Foul Ball, location: 2F
0-1: Swinging Strike
0-2: Ball
1-2: Foul Ball, location: 2F
1-2: Foul Ball, location: 3F
1-2: Ball
2-2: Ball
3-2: Foul Ball, location: 3DF
3-2: Fly out, F6 (Line Drive, 6, EV 63.1 MPH)
Batting: RHB Chip Kesecker 0-0: Ball
1-0: SINGLE (Line Drive, 78M, EV 110.6 MPH)
Batting: LHB Frank Poncherello 0-0: Called Strike
0-1: Swinging Strike
0-2: Fielders Choice at 2nd, 5-4 (Groundball, 56, EV 101.9 MPH)
Batting: LHB Alan Micchelli 0-0: Ball
Wild Pitch!
Frank Poncherello to second
1-0: Called Strike
1-1: Ball
2-1: Swinging Strike
2-2: Foul Ball, location: 2F
2-2: SINGLE (Line Drive, 8LS, EV 89.4 MPH)
Frank Poncherello to third
Runner from 3rd tries for Home, SAFE, throw by CF to home
Alan Micchelli to second
Batting: LHB Kisuke Kaneko 0-0: Intentional Walk
Batting: RHB Jeff Kruty 0-0: Ball
1-0: Ball
2-0: Called Strike
2-1: Called Strike
2-2: Ball
3-2: Base on Balls
Alan Micchelli to third
Kisuke Kaneko to second
Batting: LHB Wes Morrison 0-0: Called Strike
0-1: Ball
1-1: Called Strike
1-2: Ball
Wild Pitch!
Alan Micchelli scores
Kisuke Kaneko to third
Jeff Kruty to second
2-2: Foul Ball, location: 5F
2-2: Foul Ball, location: 5F
2-2: Strikes out swinging
Top of the 7th over - 2 runs, 2 hits, 0 errors, 2 left on base; China Grove 6 - Memphis 3
BOTTOM OF THE 7TH
Memphis Blues batting - Pitching for China Grove Samurai : RHP Tomás Domínguez
Batting: RHB Joe Veno 0-0: Called Strike
0-1: Foul Ball, location: 3F
0-2: Ball
1-2: Foul Ball, location: 2F
1-2: Foul Ball, location: 9LSF
1-2: Foul Ball, location: 5FF
1-2: Ball
2-2: DOUBLE (Line Drive, 7LM, EV 99.4 MPH)
Batting: RHB Iván Ruíz 0-0: Ball
1-0: Ball
2-0: Foul Ball, location: 2F
2-1: Foul Ball, location: 9LDF
2-2: Foul Ball, location: 9LMF
2-2: SINGLE (Groundball, 6D, EV 108.8 MPH)
Joe Veno to third
Batting: RHB José Ulibarri 0-0: Foul Ball, location: 2F
0-1: DOUBLE (Line Drive, 5D, EV 99.4 MPH)
Joe Veno scores
Iván Ruíz to third
Runner from 3rd tries for Home, SAFE, throw by LF to trailing runner, SAFE at third!
Pitching: RHP Jake Kohles
Batting: RHB Al Kerber 0-0: Ball
1-0: Called Strike
1-1: Swinging Strike
1-2: Reached on error, E6 (Groundball, 6, EV 103.8 MPH)
Batting: SHB Dominic Sackett Jr. 0-0: Fielders Choice attempt at home, Runner SAFE. 3-2 (Groundball, 3L, EV 103.8 MPH)
Al Kerber to second
Batting: RHB Héctor Castro 0-0: Ball
1-0: Called Strike
1-1: Ball
2-1: Foul Ball, location: 9LSF
2-2: Ball
3-2: Foul Ball, location: 3F
3-2: Foul Ball, location: 23FF
3-2: 3-RUN HOME RUN (Flyball, 7D, EV 96.9 MPH), Distance : 369 ft
Pitching: LHP José Zavala
Batting: LHB Dan Gaccione 0-0: Ball
1-0: Ball
2-0: Ball
3-0: Foul Ball, location: 3DF
3-1: Ground out 4-3 (Groundball, 4, EV 82.5 MPH)
Batting: LHB Héctor García 0-0: Called Strike
0-1: Ball
1-1: Called Strike
1-2: Foul Ball, location: 2F
1-2: Foul Ball, location: 5SF
1-2: Ball
2-2: Fly out, F8 (Flyball, 8RXD, EV 109.4 MPH)
Batting: SHB Jesús Escobedo 0-0: Foul Ball, location: 2F
0-1: Ball
1-1: Ball
2-1: Foul Ball, location: 2F
2-2: Foul Ball, location: 7LMF
2-2: SINGLE (Groundball, 34D, EV 103.1 MPH)
Batting: RHB Joe Veno 0-0: Called Strike
0-1: Foul Ball, location: 9LSF
0-2: Strikes out swinging
Bottom of the 7th over - 6 runs, 5 hits, 1 error, 1 left on base; China Grove 6 - Memphis 9
TOP OF THE 8TH
China Grove Samurai batting - Pitching for Memphis Blues : RHP Munehiro Amaki
Pitching: RHP Sheridon Raffles
Batting: SHB Aurelio Cruz 0-0: Ball
1-0: Fly out, F8 (Flyball, 8LD, EV 102.5 MPH)
Batting: RHB Rob Caryl 0-0: Called Strike
0-1: Ball
1-1: Called Strike
1-2: Hit by Pitch
Batting: RHB Chris Tollett 0-0: Called Strike
0-1: Grounds into double play, 3-6-3 (Groundball, 3, EV 76.3 MPH)
Top of the 8th over - 0 runs, 0 hits, 0 errors, 0 left on base; China Grove 6 - Memphis 9
BOTTOM OF THE 8TH
Memphis Blues batting - Pitching for China Grove Samurai : LHP José Zavala
Batting: RHB Iván Ruíz 0-0: Ball
1-0: Ball
2-0: Called Strike
2-1: Ground out 6-3 (Groundball, 6, EV 106.3 MPH)
Batting: RHB José Ulibarri 0-0: Called Strike
0-1: Called Strike
0-2: Fly out, F9 (Line Drive, 9S, EV 86.3 MPH)
Batting: RHB Al Kerber 0-0: Ball
1-0: Ball
2-0: Called Strike
2-1: SINGLE (Line Drive, 9S, EV 86.9 MPH)
Batting: SHB Dominic Sackett Jr. 0-0: Called Strike
0-1: Called Strike
0-2: Ball
1-2: Ball
2-2: Ball
3-2: Foul Ball, location: 2F
3-2: Base on Balls
Al Kerber to second
Pitching: RHP Kris Dindinian
Batting: RHB Héctor Castro 0-0: Ground out 6-3 (Groundball, 6S, EV 85.0 MPH)
Bottom of the 8th over - 0 runs, 1 hit, 0 errors, 2 left on base; China Grove 6 - Memphis 9
TOP OF THE 9TH
China Grove Samurai batting - Pitching for Memphis Blues : RHP Sheridon Raffles
Batting: RHB Chip Kesecker 0-0: Ball
1-0: SINGLE (Line Drive, 8RS, EV 95.0 MPH)
Batting: LHB Frank Poncherello 0-0: Ball
1-0: Called Strike
1-1: Ball
2-1: Grounds into double play, 4-6-3 (Groundball, 4, EV 78.1 MPH)
Batting: LHB Alan Micchelli 0-0: Ball
1-0: Foul Ball, location: 25F
1-1: Called Strike
1-2: Foul Ball, location: 5FF
1-2: Ball
2-2: Strikes out looking
Top of the 9th over - 0 runs, 1 hit, 0 errors, 0 left on base; China Grove 6 - Memphis 9
Sunday, January 14th , 2024 - OOTP Baseball 24.11 Build 85